AoeStats
← Pepin_Pistolin

Arena

509475563Analyzed
3v3 RM · 5d ago on Sep 26, 2026· 49m 4s· 6 players
Game mode
Random Map
Map size
Normal (6 player)
Population
200
Speed
Normal
Resources
Standard
Victory
Conquest
Starting age
Dark Age
Ending age
Imperial Age
RankedLock teamsTeams togetherTeam positionsShared explorationLock speedFull tech treeHidden civsTurbo modeCheats
Victory
Defeat
🇦🇷 Spanish · Argentina
741
+11
🇩🇪 Lithuanians · Germany
713
+12
🇦🇷 Byzantines · Argentina
617
+15
🇦🇷 Saxons · Argentina
646
-14
🇨🇱 Vikings · Chile
614
-13
🇹🇷 Bohemians · Türkiye
584
-11
SINMANOS
9:58 Loom
12:06 Feudal Age
14:36 Horse Collar
14:57 Double-Bit Axe
19:05 Castle Age
19:16 Forging
19:07 Scale Mail Armor
19:00 Fletching
19:11 Padded Archer Armor
21:54 Iron Casting
27:14 Gold Mining
27:14 Stone Mining
27:27 Heavy Plow
27:47 Bow Saw
31:07 Bodkin Arrow
31:28 Leather Archer Armor
31:28 Chain Mail Armor
31:45 Loom
32:36 Wheelbarrow
36:02 Imperial Age
35:17 Gold Shaft Mining
36:55 Bracer
37:25 Ring Archer Armor
37:28 Plate Mail Armor
37:12 Elite Hearth Troop
40:23 Chemistry
39:48 Hand Cart
39:15 Pikeman
40:26 Squires
43:13 Shield Wall
43:14 Clerical Recruitment
44:38 Hoardings
47:25 Halberdier
black._manba
10:11 Feudal Age
10:40 Double-Bit Axe
11:37 Horse Collar
20:20 Castle Age
18:39 Scale Mail Armor
18:39 Arson
18:56 Gold Mining
19:44 Forging
20:19 Fletching
20:28 Stone Mining
22:38 Bow Saw
23:15 Heavy Plow
25:36 Gold Shaft Mining
33:22 Imperial Age
31:20 Squires
31:43 Pikeman
32:19 Crossbowman
33:35 Capped Ram
35:42 Two-Man Saw
35:19 Crop Rotation
34:38 Siege Ram
36:52 Conscription
39:54 Elite Varangian Guard
ORION
4:06 Loom
13:09 Feudal Age
21:11 Castle Age
19:35 Double-Bit Axe
19:36 Horse Collar
21:55 Wheelbarrow
28:22 Wagenburg Tactics
32:15 Pikeman
Pepin_Pistolin
7:43 Loom
11:39 Feudal Age
12:23 Horse Collar
12:34 Double-Bit Axe
16:17 Wheelbarrow
19:29 Castle Age
18:02 Gold Mining
25:18 Forging
25:14 Scale Barding Armor
27:28 Pikeman
30:40 Husbandry
30:52 Bloodlines
31:24 Iron Casting
36:08 Imperial Age
33:55 Hand Cart
33:27 Town Watch
36:02 Squires
35:48 Arson
36:46 Town Patrol
37:10 Chain Barding Armor
38:47 Bow Saw
38:50 Fletching
39:25 Ballistics
39:01 Murder Holes
39:45 Cavalier
41:09 Paladin
41:27 Elite Leitis
42:17 Tower Shields
47:14 Chemistry
46:54 Plate Barding Armor
MAS29
13:40 Feudal Age
18:27 Castle Age
16:42 Loom
22:14 Double-Bit Axe
22:32 Gold Mining
30:09 Imperial Age
28:16 Fortified Wall
27:47 Treadmill Crane
28:29 Ballistics
34:41 Capped Ram
36:11 Wheelbarrow
35:19 Horse Collar
36:17 Murder Holes
37:24 Chemistry
36:54 Atonement
38:03 Coinage
40:49 Greek Fire
41:16 Conscription
41:26 Stone Mining
42:12 Gold Shaft Mining
42:19 Fletching
45:02 Forging
44:57 Scale Barding Armor
47:23 Logistica
munileven
10:18 Feudal Age
13:54 Castle Age
18:11 Town Watch
22:01 Double-Bit Axe
22:04 Horse Collar
24:46 Heavy Plow
30:59 Wheelbarrow
30:26 Town Patrol
30:12 Loom
30:56 Murder Holes
31:49 Bow Saw
35:50 Imperial Age
33:57 Redemption
34:17 Sanctity
35:05 Scale Barding Armor
35:10 Forging
36:06 Chain Barding Armor
35:38 Fletching
36:53 Hand Cart
37:01 Conscription
38:21 Iron Casting
38:02 Elite Conquistador
41:37 Plate Barding Armor
42:03 Blast Furnace
40:58 Bodkin Arrow
42:08 Two-Man Saw
44:12 Hoardings
47:47 Bracer
47:48 Scale Mail Armor
47:49 Padded Archer Armor
Connection lost

Rejoining the realm…

Still unreachable

The connection could not be restored.

Session expired

The server has moved on; the page needs a fresh start.